 Dungeon Crawl Stone Soup version 0.28-a0-991-g956f0ee3d5 (webtiles) character file.

Game seed: 14052680860374041197

46 horus123 the Distorting Demonspawn (level 3, 0/29 HPs)
             Began as a Demonspawn Abyssal Knight on Dec 5, 2021.
             Was a Believer of Lugonu.
             Slain by an adder (4 damage)
             ... on level 2 of the Dungeon.
             The game lasted 00:02:14 (1049 turns).

horus123 the Distorting Demonspawn (DsAK)           Turns: 1049, Time: 00:02:14

Health: 0/29       AC:  8    Str: 13    XL:     3   Next: 44%
Magic:  6/6        EV: 11    Int: 13    God:    Lugonu [**....]
Gold:   22         SH:  4    Dex: 13    Spells: 2/2 levels left

rFire   . . .      SeeInvis +   a - +1 spear
rCold   . . .      Faith    +   (no shield)
rNeg    . . .      Spirit   .   b - +0 leather armour
rPois   .          Reflect  .   (no helmet)
rElec   .          Harm     .   e - +0 cloak
rCorr   .          Rampage  .   (no gloves)
Will    .....                   (no boots)
Stlth   +.........              c - amulet "Zext" {Faith SInv}
HPRegen 0.09/turn               (no ring)
MPRegen 0.10/turn               (no ring)

@: no status effects
A: icemail 1, condensation shield
a: Renounce Religion, Depart the Abyss, Bend Space


You were on level 2 of the Dungeon.
You worshipped Lugonu.
Lugonu was pleased with you.
You visited 1 branch of the dungeon, and saw 2 of its levels.
You visited the Abyss 1 time.

You collected 22 gold pieces.

Inventory:

Hand Weapons
 a - a +1 spear (weapon)
Armour
 b - a +0 leather armour (worn)
 e - a +0 cloak (worn)
Jewellery
 c - the amulet "Zext" (around neck) {Faith SInv}
   (You acquired it on level 1 of the Dungeon)

   [amulet of faith]

   It allows you to gain divine favour quickly.
   SInv:      It lets you see invisible.
Scrolls
 d - a scroll of fog {unknown}


   Skills:
 - Level 3.0 Fighting
 - Level 1.7 Polearms
 - Level 1.7 Armour
 - Level 0.8 Dodging
 + Level 5.1 Invocations


You had 2 spell levels left.
You didn't know any spells.
Your spell library contained the following spells:

 Spells                   Type           Power      Damage    Failure   Level
 Slow                     Hex            0%         N/A       36%         1
 Confusing Touch          Hex            0%         N/A       75%         3
 Yara's Violent Unravell  Hex/Tmut       0%         3d3       100%        5


Dungeon Overview and Level Annotations

Branches:
Dungeon (2/15)

Altars:


Innate Abilities, Weirdness & Mutations

A meltable icy envelope protects you from harm. (AC +4)
A meltable shield of frost defends you. (SH +4)


Message History

Found a pair of gloves.
No target in view!
No target in view!
No target in view!
No target in view!
An adder comes into view.
The adder hisses angrily.
The adder bites you.
You are poisoned.
The adder poisons you!
You miss the adder.
You feel sick. The adder bites you but does no damage.
You hit the adder but do no damage.
You feel sick. The adder bites you but does no damage. The adder bites you.
You are more poisoned.
The adder poisons you!
You miss the adder.
You feel sick. The adder bites you.
You are more poisoned.
The adder poisons you!
You completely miss the adder.
You feel very sick. The adder bites you but does no damage.
You barely miss the adder.
You feel sick. The adder closely misses you.
You closely miss the adder.
You feel sick. The adder barely misses you.
The adder bites you but does no damage.
You aren't carrying any potions.
You barely miss the adder.
You feel sick. The adder bites you but does no damage.
You miss the adder.
You feel sick. The adder closely misses you. The adder misses you.
You hit the adder but do no damage.
You feel sick. The adder closely misses you.
You miss the adder.
You feel sick. The adder bites you but does no damage.
You hit the adder but do no damage.
You feel sick.
The adder bites you but does no damage. x2
You hit the adder.
The adder is moderately wounded.
You feel sick.
You are no longer poisoned.
The adder bites you.
You die...

....# #.# ###.# #.#
#.# ######.# #.#
...##.# ##.##
#.##.#####.#
#...#######....>....#
#.#................##
#...##########.###..##
##### #.@S....#
########.#


You could see an adder.

Vanquished Creatures
  A gnoll (D:1)
  An adder (D:2)
  5 bats (D:1)
  2 endoplasms (D:1)
  4 goblins (D:1)
  2 hobgoblins (D:1)
  2 ball pythons (D:1)
  2 frilled lizards (D:1)
  2 kobolds (D:1)
  6 rats (D:1)
27 creatures vanquished.

Notes
Turn   | Place    | Note
-------+----------+-------------------------------------------
     0 | Abyss:1  | horus123 the Demonspawn Abyssal Knight began the quest for
                  | the Orb.
     0 | Abyss:1  | Reached XP level 1. HP: 18/18 MP: 2/2
    15 | D:1      | Escaped the Abyss
    66 | D:1      | Reached skill level 3 in Invocations
   118 | D:1      | Gained mutation: A meltable shield of frost defends you.
                  | (SH +4) [demonic ancestry]
   118 | D:1      | Reached XP level 2. HP: 24/24 MP: 4/4
   161 | D:1      | Reached skill level 4 in Invocations
   356 | D:1      | HP: 1/24 [gnoll (9)]
   359 | D:1      | Gained mutation: A meltable icy envelope protects you from
                  | harm. (AC +4) [demonic ancestry]
   359 | D:1      | Reached XP level 3. HP: 1/29 MP: 6/6
   693 | D:1      | Reached ** piety under Lugonu
   776 | D:1      | Identified a scroll of acquirement
   776 | D:1      | Acquired the amulet "Zext" {Faith SInv}
   927 | D:1      | Found a faded altar of an unknown god.
  1025 | D:2      | Reached skill level 5 in Invocations
  1049 | D:2      | Slain by an adder

Illustrated notes

Levels and vault maps discovered:
D:1:      grunt_arrival_lava_bath, layout_rooms,
          hellmonk_ecumenical_altar_inner_sanctum
D:2:      layout_loops_ring, basic_altar, kennysheep_generic_room_11,
          uniq_terence

Skill      XL: |  1  2  3 |
---------------+----------+-----
Invocations    | 3 4 5 |  5.1
Fighting       | |  3.0
Polearms       | |  1.7
Armour         | |  1.7
Dodging        | |  0.8

Action                   || total
-------------------------++-------
Melee: Spear             ||    97
  Use: Scroll            ||     1
Armor: Leather armour    ||    24
Dodge: Dodged            ||    42
Block: Other             ||     5

Table legend: (Time is in decaauts)
 A = Elapsed time spent in this place.
 B = Non-inter-level travel time spent in this place.
 C = Inter-level travel time spent in this place.
 D = Time resting spent in this place.
 E = Time spent auto-exploring this place.
 F = Levels seen in this place.
 G = Mean time per level.
                   A        B        C        D        E       F      G
               +--------+--------+--------+--------+--------+-----+--------+
         Total |   1049 |   1016 |     33 |    304 |    469 |   3 |  349.7 |
       Dungeon |   1034 |   1001 |     33 |    304 |    460 |   2 |  517.0 |
         Abyss |     15 |     15 |      0 |      0 |      9 |   1 |   15.0 |
               +--------+--------+--------+--------+--------+-----+--------+

Top non-repeatable levels by time:
     D:1: 962 daAuts
     D:2: 72 daAuts
 Abyss:1: 15 daAuts
